Map: Frozen Temple

Players

Miszu - Winner!

  • Race: Terran Terran
  • League: Master

Ben

  • Race: Terran Terran
  • League: Master

VOD

Have the link to the VOD?

Description

Time

  • Played on: April 25, 2016, 5:29 p.m.
  • Length: 5:07
Show
View Real Time Build Order
Export as new Build Order

Miszu Terran - Winner!

Build Orders: 1/1/1, Banshee Rush 

Get SALT Encoding   

  12  0:01  SCV  
  13  0:13  SCV  
  14  0:17  Supply Depot  
  14  0:25  SCV  
  15  0:33  Refinery  
  15  0:39  SCV  
  16  0:45  Barracks  
  16  0:51  SCV  
  17  0:59  Refinery  
  17  1:03  SCV  
  18  1:15  SCV  
  19  1:28  SCV  
  20  1:34  Factory  
  20  1:40  Orbital Command  
  20  1:41  Reaper  
  21  1:49  Supply Depot  
  21  2:05  SCV  
  22  2:13  Reaper  
  23  2:19  Starport  
  23  2:20  Hellion  
  23  2:21  SCV  
  26  2:33  Supply Depot  
  26  2:36  SCV  
  27  2:42  Hellion  
  29  2:45  Reaper  
  29  2:48  SCV  
  31  2:56  Medivac  
  33  3:00  Supply Depot  
  33  3:06  Hellion  
  35  3:14  SCV  
  35  3:17  Barracks Tech Lab  
  36  3:26  SCV  
  37  3:32  Command Center  
  37  3:39  SCV  
  38  3:42  Cloaking Field  
  38  3:43  Banshee  
  41  3:51  SCV  
  41  3:55  Supply Depot  
  42  3:59  Barracks Reactor, Factory Tech Lab  
  42  4:15  SCV  
  43  4:18  Supply Depot  
  37  4:38  SCV  
  37  4:39  Marine x2  
  41  4:46  Barracks  
  41  4:50  Barracks  
  41  4:51  SCV  
Show
View Real Time Build Order
Export as new Build Order

Ben Terran 

Build Orders: Hellion Opening, Reaper Expand 

Get SALT Encoding   

  12  0:00  SCV  
  13  0:13  SCV  
  14  0:22  Supply Depot  
  14  0:25  SCV  
  15  0:43  SCV  
  15  0:45  Barracks  
  15  0:49  Refinery  
  16  0:55  SCV  
  17  1:07  SCV  
  18  1:20  SCV  
  19  1:32  Orbital Command  
  19  1:34  Reaper  
  20  1:41  Command Center  
  20  1:58  SCV  
  21  2:06  Marine  
  22  2:09  Supply Depot  
  22  2:10  Refinery  
  22  2:11  Factory  
  22  2:14  SCV  
  23  2:28  Barracks Reactor  
  23  2:30  SCV  
  23  2:36  Bunker  
  24  2:42  SCV  
  25  2:53  Orbital Command  
  25  2:57  Starport  
  25  3:01  SCV  
  26  3:09  Hellion x2  
  30  3:17  Starport  
  30  3:19  SCV  
  31  3:21  SCV  
  32  3:30  Hellion  
  32  3:31  Orbital Command  
  32  3:32  Hellion  
  37  3:40  Viking  
  38  3:49  Barracks Tech Lab  
  38  3:52  Hellion  
  38  3:53  Hellion, Starport Tech Lab  
  42  4:00  SCV x2  
  21  4:38  SCV x2  
  21  4:50  SCV x2  
Tags
 
Add a new tag
Caveats
  • Supply blocks, unpowered buildings, or Contaminate may cause inaccurate times.
  • Supply counts are checked every 10 seconds.